 Dungeon Crawl Stone Soup version 0.30-a0-702-gdf48620a09 (webtiles) character file.

Game seed: 15443166345940514137

12229 Lobster4 the Frost Mage (level 11, -5/84 (86) HPs)
             Began as a Merfolk Ice Elementalist on Jan 22, 2023.
             Was a Priest of Nemelex Xobeh.
             Killed from afar by a rime drake (27 damage)
             ... with an icy flash freeze
             ... on level 1 of the Lair of Beasts.
             The game lasted 00:51:09 (15442 turns).

Lobster4 the Frost Mage (Merfolk Ice Elementalist) Turns: 15442, Time: 00:51:09

HP:   -5/84 (86)    AC: 13    Str:  9    XL:     11   Next: 90%
MP:   14/21         EV: 16    Int: 19    God:    Nemelex Xobeh [***...]
Gold: 679           SH:  0    Dex: 20    Spells: 11/24 levels left

rFire   + . .      SeeInvis .    a - +1 dagger (venom)
rCold   x . .      Faith    .    (no shield)
rNeg    . . .      Spirit   .    k - +0 robe
rPois   .          Reflect  .    (no helmet)
rElec   .          Harm     .    (no cloak)
rCorr   .          Rampage  .    (no gloves)
Will    .....                    v - +1 pair of boots
Stlth   ++++                     q - amulet of magic regeneration
HPRegen 0.34/turn                p - +6 ring of dexterity
MPRegen 0.57/turn                h - ring of fire

@: ice-armoured, freezing walls, lightly drained
A: (nimble swimmer 2), mertail
a: Renounce Religion, Draw Escape, Draw Destruction, Draw Summoning, Triple Draw


You were on level 1 of the Lair of Beasts.
You worshipped Nemelex Xobeh.
Nemelex Xobeh was most pleased with you.
You visited 3 branches of the dungeon, and saw 13 of its levels.

You collected 763 gold pieces.
You spent 84 gold pieces at shops.

Inventory:

Hand Weapons
 a - a +1 dagger of venom (weapon)
 j - a +3 scimitar
 s - a +0 rapier
 C - a +2 dagger of freezing
 F - a +0 sling
 J - a +0 shortbow
 K - a +1 long sword of freezing
 U - a +2 spear of freezing
Missiles
 l - a throwing net
 m - 3 boomerangs (quivered)
 o - 15 poisoned darts
 r - 3 atropa-tipped darts
 H - 4 datura-tipped darts
 T - 3 javelins
Armour
 d - a +0 leather armour
 k - a +0 robe (worn)
 n - a +0 ring mail
 v - a +1 pair of boots (worn)
 y - a +0 scale mail of fire resistance
 S - +0 acid dragon scales
 V - a +4 ring mail
Magical Staves
 R - a staff of poison
Jewellery
 h - a ring of fire (right hand)
 p - a +6 ring of dexterity (left hand)
 q - an amulet of magic regeneration (around neck)
 Q - a ring of see invisible
Wands
 B - a wand of light (5)
 E - a wand of digging (6)
 G - a wand of flame (22)
Scrolls
 c - a scroll of immolation
 e - a scroll of enchant armour
 f - a scroll of fog {unknown}
 A - a scroll of teleportation
 D - a scroll of poison
 L - 2 scrolls of silence {unknown}
 N - 3 scrolls of identify
 O - 2 scrolls of vulnerability {unknown}
 P - a scroll of enchant weapon
Potions
 b - a potion of magic
 g - 4 potions of brilliance
 i - a potion of invisibility
 t - 2 potions of ambrosia
 u - 2 potions of lignification
 w - 7 potions of curing
 x - a potion of berserk rage
 z - a potion of cancellation
 I - a potion of might
 M - a potion of haste


   Skills:
 + Level 8.1 Fighting
 + Level 2.1 Short Blades
 + Level 1.0 Polearms
 - Level 2.0 Throwing
 - Level 1.0 Armour
 + Level 6.3 Dodging
 + Level 8.7 Stealth
 + Level 7.2 Spellcasting
 + Level 1.2 Summonings
 * Level 12.7 Ice Magic
 + Level 1.0 Air Magic
 - Level 3.0 Poison Magic
 + Level 3.1 Invocations
 - Level 3.0 Evocations


You had 11 spell levels left.
You knew the following spells:

 Your Spells              Type           Power      Damage    Failure   Level
a - Freeze                Ice            100%       1d10      1%          1
b - Frozen Ramparts       Ice            100%       1d16      1%          3
c - Poisonous Vapours     Pois/Air       28%        N/A       7%          2
d - Ozocubu's Armour      Ice            53%        N/A       1%          3
e - Summon Ice Beast      Ice/Summ       33%        N/A       5%          4

Your spell library contained the following spells:

 Spells                   Type           Power      Damage    Failure   Level
 Ensorcelled Hibernation  Hex/Ice        62%        N/A       1%          2
 Summon Small Mammal      Summ           44%        N/A       6%          1
 Ice Form                 Ice/Tmut       31%        N/A       7%          4
 Cigotuvi's Dreadful Rot  Necr/Pois/Air  22%        N/A       9%          2
 Beastly Appendage        Tmut           12%        N/A       10%         1
 Kiss of Death            Conj/Necr      24%        2d7       10%         1
 Necrotise                Necr           24%        1d5       10%         1
 Sandblast                Erth           12%        2d6       10%         1
 Passwall                 Tmut/Erth      5%         N/A       16%         2
 Wereblood                Tmut           6%         N/A       16%         2
 Spider Form              Tmut/Pois      12%        N/A       16%         3
 Mephitic Cloud           Conj/Pois/Air  11%        N/A       17%         3
 Swiftness                Air            10%        N/A       21%         3
 Summon Guardian Golem    Hex/Summ       9%         N/A       24%         3
 Dazzling Flash           Conj/Hex       12%        N/A       30%         3
 Animate Dead             Necr           6%         N/A       69%         4
 Petrify                  Tmut/Erth      6%         N/A       69%         4
 Silence                  Hex/Air        4%         N/A       92%         5
 Agony                    Necr           6%         N/A       95%         5
 Orb of Destruction       Conj           3%         9d5       100%        7
 Spellforged Servitor     Conj/Summ      4%         N/A       100%        7


Dungeon Overview and Level Annotations

Branches:
Dungeon (11/15)            Temple (1/1) D:7            Lair (1/5) D:9
    Orc: D:9-12

Altars:
Ashenzari
Cheibriados
Dithmenos
Elyvilon
Fedhas
Gozag
Hepliaklqana
Kikubaaqudgha
Makhleb
Nemelex Xobeh
Okawaru
Qazlal
Ru
Sif Muna
Trog
Uskayaw
Vehumet
Wu Jian
Xom
Yredelemnul
Zin
The Shining One

Shops:
D:1 !

Annotations:
D:10 exclusion: ugly thing


Innate Abilities, Weirdness & Mutations

((You are very nimble when in or above water. (Stealth+, EV+, Speed+++)))
Your lower body shifts to a powerful aquatic tail in water.


Message History

Aim: a cane toad (lightly wounded, slow)
You freeze the cane toad.
The cane toad is moderately wounded.
You feel sick.
The wall freezes the cane toad!
The cane toad closely misses you.
The rime drake resists.
The wall freezes the rime drake.
You feel better.
The wall freezes the cane toad.
The cane toad seems to slow down.
The cane toad stings you!
* * * LOW HITPOINT WARNING * * *
Casting: Freeze (safe; 1% risk of failure)
Confirm with . or Enter, or press ? or * to list all spells.
Aiming: Freeze (safe; 1% risk of failure)
Press: ? - help, Shift-Dir - straight line, f/p - cane toad
Aim: a cane toad (severely wounded, slow)
You freeze the cane toad.
The cane toad is almost dead.
The cane toad seems to slow down.
The rime drake resists.
The wall freezes the rime drake.
The wall freezes the cane toad.
The cane toad seems to slow down.
The cane toad closely misses you.
Casting: Freeze (safe; 1% risk of failure)
Confirm with . or Enter, or press ? or * to list all spells.
Aiming: Freeze (safe; 1% risk of failure)
Press: ? - help, Shift-Dir - straight line, f/p - cane toad
Aim: a cane toad (almost dead, slow)
You freeze the cane toad.
The cane toad is almost dead.
Casting: Freeze (safe; 1% risk of failure)
Confirm with . or Enter, or press ? or * to list all spells.
Aiming: Freeze (safe; 1% risk of failure)
Press: ? - help, Shift-Dir - straight line, f/p - cane toad
Aim: a cane toad (almost dead, slow)
You freeze the cane toad!
You kill the cane toad!
The rime drake resists.
The wall freezes the rime drake.
The rime drake completely resists.
The wall freezes the rime drake but does no damage.
The rime drake breathes ice at you. The icy flash freeze hits you!!
You feel a painful chill!
You die...
Your body glows with a rainbow of weird colours and disappears.

.....)#....>...
#......#........
#......#........
#............... #
#...............
.#P#...............
..........P........
........†.#@######
........<.k†?......
...................
...................
...................
#+####...##..+.#.#.
#...####.#### .....
... ##...# ...


You could see a rime drake (catching breath).

Vanquished Creatures
  4 two-headed ogres
  Pikel (D:6)
  Joseph (D:7)
  2 gargoyles
  Maggie (D:6)
  A cane toad (Lair:1)
  A troll (D:11)
  Prince Ribbit (D:9)
  12 yaks
  A wraith (D:11)
  2 wyverns
  A shadow (D:11)
  3 steam dragons
  2 vampire mosquitoes (D:7)
  Menkaure (D:6)
  A water moccasin (D:6)
  A sky beast (D:4)
  6 orc warriors
  3 black bears
  2 ice beasts
  6 centaurs
  A phantom (D:7)
  4 lemures (D:6)
  2 kobold brigands
  2 bullfrogs
  2 necrophages (D:6)
  A scorpion (D:4)
  21 wights
  9 killer bees
  2 howler monkeys
  A hound (D:5)
  6 orc priests
  2 gnoll boudas
  3 jellies
  3 iguanas
  Natasha (thrice) (D:4)
  9 orc wizards
  3 adders
  10 gnolls
  A white imp (D:7)
  2 worms
  30 orcs
  6 bats
  6 endoplasms
  2 giant cockroaches (D:1)
  6 hobgoblins
  7 jackals
  3 quokkas
  9 ball pythons
  9 frilled lizards
  9 goblins
  10 kobolds
  6 rats
243 creatures vanquished.

Vanquished Creatures (collateral kills)
  2 wights (D:4)
2 creatures vanquished.

Vanquished Creatures (others)
  14 fungi (D:9)
  24 plants
38 creatures vanquished.

Grand Total: 283 creatures vanquished

Notes
Turn   | Place    | Note
-------+----------+-------------------------------------------
     0 | D:1      | Lobster4 the Merfolk Ice Elementalist began the quest for
                  | the Orb.
     0 | D:1      | Reached XP level 1. HP: 13/13 MP: 3/3
    66 | D:1      | Found Xinaedode's Distillery.
   433 | D:1      | Reached XP level 2. HP: 19/19 MP: 3/5
   873 | D:1      | Reached XP level 3. HP: 25/25 MP: 4/6
  1355 | D:2      | Reached skill level 1 in Fighting
  1632 | D:2      | Reached skill level 5 in Ice Magic
  1929 | D:2      | Reached XP level 4. HP: 32/32 MP: 7/7
  2721 | D:3      | Got the Octavo of Transmigration and Despicable Arts
  3387 | D:4      | Noticed a sky beast
  3397 | D:4      | Killed a sky beast
  3398 | D:4      | Reached skill level 1 in Short Blades
  3398 | D:4      | Reached skill level 1 in Throwing
  3398 | D:4      | Reached XP level 5. HP: 30/38 MP: 5/8
  3909 | D:1      | Bought a potion of attraction for 36 gold pieces
  3909 | D:1      | Bought a potion of degeneration for 12 gold pieces
  3919 | D:1      | Bought a potion of lignification for 36 gold pieces
  4155 | D:3      | Reached XP level 6. HP: 18/44 MP: 8/10
  4283 | D:5      | Entered Level 5 of the Dungeon
  4301 | D:5      | Found a glowing silver altar of Zin.
  4306 | D:5      | Learned a level 3 spell: Frozen Ramparts
  4310 | D:5      | Learned a level 3 spell: Ozocubu's Armour
  4457 | D:5      | Found a shadowy altar of Dithmenos.
  4463 | D:5      | Found a broken altar of Ashenzari.
  4739 | D:5      | Reached skill level 6 in Ice Magic
  5401 | D:6      | Noticed Pikel
  5426 | D:6      | Found a bloodstained altar of Trog.
  5463 | D:6      | Reached XP level 7. HP: 35/49 MP: 7/11
  5518 | D:6      | Noticed a steam dragon
  5526 | D:6      | Noticed Maggie
  5777 | D:6      | Killed a steam dragon
  5778 | D:6      | Reached skill level 1 in Evocations
  6007 | D:6      | Reached skill level 5 in Dodging
  6045 | D:6      | Reached XP level 8. HP: 30/58 MP: 7/13
  6228 | D:6      | Reached skill level 7 in Ice Magic
  6279 | D:6      | HP: 2/58 [orc priest/nerve-wracking pain (14)]
  6560 | D:6      | Noticed Menkaure
  6877 | D:6      | Killed Menkaure
  7063 | D:6      | Killed Pikel
  7064 | D:6      | Reached skill level 5 in Stealth
  7064 | D:6      | Reached skill level 8 in Ice Magic
  7064 | D:6      | Reached XP level 9. HP: 48/66 MP: 7/15
  7383 | D:7      | Noticed Joseph
  7399 | D:7      | Killed Joseph
  7400 | D:7      | Reached skill level 9 in Ice Magic
  7598 | D:7      | Reached skill level 5 in Fighting
  7646 | D:7      | Found a staircase to the Ecumenical Temple.
  7718 | Temple   | Entered the Ecumenical Temple
  7766 | Temple   | Became a worshipper of Nemelex Xobeh the Trickster
  7875 | D:7      | Reached skill level 5 in Spellcasting
  8101 | D:7      | Reached skill level 1 in Invocations
  8755 | D:8      | Found a radiant altar of Vehumet.
  8768 | D:8      | Noticed a two-headed ogre
  8782 | D:8      | Killed a two-headed ogre
  8783 | D:8      | Reached skill level 1 in Armour
  8783 | D:8      | Reached skill level 10 in Ice Magic
  8783 | D:8      | Reached XP level 10. HP: 50/76 MP: 9/18
  8923 | D:8      | Found a sacrificial altar of Ru.
  9122 | D:8      | Learned a level 2 spell: Poisonous Vapours
  9401 | D:8      | Reached * piety under Nemelex Xobeh
  9632 | D:8      | Noticed a two-headed ogre
  9641 | D:8      | Killed a two-headed ogre
  9642 | D:8      | Reached skill level 1 in Poison Magic
  9837 | D:8      | Reached skill level 11 in Ice Magic
 10542 | D:9      | Noticed Prince Ribbit
 10555 | D:9      | Killed Prince Ribbit
 10805 | D:9      | Noticed a two-headed ogre
 10817 | D:9      | Killed a two-headed ogre
 10818 | D:9      | Reached XP level 11. HP: 64/84 MP: 12/20
 10899 | D:9      | Found a staircase to the Lair.
 10995 | D:9      | Received a gift from Nemelex Xobeh
 11250 | D:9      | Found a glowing golden altar of the Shining One.
 11338 | D:9      | Found an ornate altar of the Wu Jian Council.
 11475 | D:10     | Entered Level 10 of the Dungeon
 11717 | D:10     | Noticed a two-headed ogre
 11791 | D:10     | Learned a level 4 spell: Summon Ice Beast
 11817 | D:10     | Reached ** piety under Nemelex Xobeh
 11909 | D:10     | Killed a two-headed ogre
 11910 | D:10     | Reached skill level 12 in Ice Magic
 12207 | D:10     | Received a gift from Nemelex Xobeh
 12976 | D:11     | Reached *** piety under Nemelex Xobeh
 12976 | D:11     | Received a gift from Nemelex Xobeh
 13030 | D:11     | Noticed a white ugly thing
 13414 | D:4      | Found a shimmering blue altar of Sif Muna.
 13448 | D:4      | Noticed Natasha
 13450 | D:4      | Killed Natasha
 13641 | D:4      | Noticed Natasha
 13646 | D:4      | Killed Natasha
 13861 | D:4      | Got Sif Muna's Vellum of Detritus
 13863 | D:4      | Got Sif Muna's Notes on the Swarm
 14088 | D:4      | Noticed Natasha
 14104 | D:4      | Killed Natasha
 14652 | D:4      | Found a shimmering blue altar of Sif Muna.
 14863 | D:6      | Killed Maggie
 15147 | D:7      | Reached skill level 1 in Summonings
 15424 | Lair:1   | Entered Level 1 of the Lair of Beasts
 15438 | Lair:1   | Reached skill level 1 in Polearms
 15438 | Lair:1   | Reached skill level 1 in Air Magic
 15442 | Lair:1   | Killed from afar by a rime drake

Illustrated notes

Levels and vault maps discovered:
D:1:      psy_arrival_dodecagon, layout_basic, serial_shops,
          nicolae_shop_crystal
D:2:      wander_river, layout_basic, serial_rivers,
          chequers_serial_rivers_micro_a, chequers_serial_rivers_micro_b,
          chequers_serial_rivers_micro_b, chequers_serial_rivers_micro_d,
          chequers_serial_rivers_marsh
D:3:      layout_loops_ring
D:4:      nicolae_cairo_tiling_large, layout_loops_ring,
          nicolae_sif_muna_little_library, uniq_natasha
D:5:      layout_basic, mainiacjoe_overflow_chevrons,
          mainiacjoe_overflow_large_starburst
D:6:      layout_gridville, mainiacjoe_overflow_boulevard, uniq_menkaure,
          uniq_maggie, uniq_pikel
D:7:      layout_loops_cross, minmay_temple_entry_overgrown, uniq_joseph
D:8:      layout_basic, nicolae_ru_awakened_eye,
          mainiacjoe_overflow_concentric_impassable
D:9:      layout_roguey, pdpol_wu_jian_five_deadly_venoms,
          nicolae_tso_carved_into_rock, grunt_lair_entry_orc_guard_hut,
          uniq_prince_ribbit1
D:10:     layout_gridville, st_stairs_4, minivault_27
D:11:     layout_irregular_city, statue_in_the_mist_lemuel, st_stairs_4
Temple:   nicolae_temple_ecumenical_triangle
Lair:1:   layout_regular_city, gauntlet_entry_generic, ebering_ghost_inner_flame

Skill      XL: |  1  2  3  4  5  6  7  8  9 10 11 |
---------------+----------------------------------+-----
Dodging        | 3 4 5 6 |  6.3
Fighting       | 1 2 3 4 5 7 8 |  8.1
Ice Magic      | 5 6 8 10 11 12 | 12.7
Short Blades   | 1 2 |  2.1
Throwing       | 1 2 |  2.0
Stealth        | 3 5 6 7 8 |  8.7
Spellcasting   | 3 4 5 6 7 |  7.2
Evocations     | 1 2 3 |  3.0
Invocations    | 2 3 |  3.1
Armour         | 1 |  1.0
Poison Magic   | 3 |  3.0
Summonings     | 1 |  1.2
Polearms       | 1 |  1.0
Air Magic      | 1 |  1.0

Action                   |  1- 3 |  4- 6 |  7- 9 | 10-12 || total
-------------------------+-------+-------+-------+-------++-------
Melee: Dagger            |    57 |   111 |    56 |   181 ||   405
       Punch             |       |     1 |     2 |     2 ||     5
 Fire: Sling             |       |       |       |     5 ||     5
Throw: Boomerang         |     2 |    10 |    66 |    26 ||   104
       Dart              |       |       |     4 |    39 ||    43
       Javelin           |       |       |     3 |     9 ||    12
       Throwing net      |       |       |       |     5 ||     5
 Cast: Freeze            |    44 |    27 |    84 |   105 ||   260
       Frozen Ramparts   |       |     3 |    24 |    53 ||    80
       Ozocubu's Armour  |       |     3 |    22 |    45 ||    70
       Poisonous Vapours |       |       |       |     5 ||     5
       Summon Ice Beast  |       |       |       |     4 ||     4
Evoke: Wand              |       |       |     4 |     5 ||     9
  Use: Scroll            |       |    13 |     1 |     4 ||    18
       Potion            |       |     2 |     1 |     1 ||     4
 Stab: Sleeping          |     1 |     9 |     2 |     8 ||    20
       Distracted        |     1 |       |       |       ||     1
Armor: Robe              |    10 |    19 |    40 |    80 ||   149
Dodge: Dodged            |    79 |    79 |   100 |   266 ||   524

Table legend: (Time is in decaauts)
 A = Elapsed time spent in this place.
 B = Non-inter-level travel time spent in this place.
 C = Inter-level travel time spent in this place.
 D = Time resting spent in this place.
 E = Time spent auto-exploring this place.
 F = Levels seen in this place.
 G = Mean time per level.
                   A        B        C        D        E       F      G
               +--------+--------+--------+--------+--------+-----+--------+
         Total |  15425 |  14153 |   1272 |   2616 |   8710 |  13 | 1186.5 |
       Dungeon |  15349 |  14085 |   1264 |   2616 |   8673 |  11 | 1395.4 |
        Temple |     57 |     49 |      8 |      0 |     37 |   1 |   57.0 |
          Lair |     17 |     17 |      0 |      0 |      0 |   1 |   17.0 |
               +--------+--------+--------+--------+--------+-----+--------+

Top non-repeatable levels by time:
     D:6: 2297 daAuts
     D:4: 1919 daAuts
     D:8: 1717 daAuts
     D:7: 1536 daAuts
     D:9: 1511 daAuts
     D:1: 1343 daAuts
     D:2: 1217 daAuts
    D:10: 1214 daAuts
     D:3: 1125 daAuts
     D:5: 1083 daAuts
    D:11: 383 daAuts
  Temple: 57 daAuts
  Lair:1: 17 daAuts
